 Dungeon Crawl Stone Soup version 0.17-a0-1435-geafbe2f (webtiles) character file.

112 hexophile the Firebug (level 4, -5/36 HPs)
             Began as a Naga Fire Elementalist on June 26, 2015.
             Slain by asdu's ghost (15 damage)
             ... on level 3 of the Dungeon.
             The game lasted 00:09:37 (2354 turns).

hexophile the Firebug (Naga Fire Elementalist)      Turns: 2354, Time: 00:09:37

Health: -5/36      AC:  2    Str: 10    XL:     4   Next: 95%
Magic:  0/7        EV: 10    Int: 16    God:
Gold:   106        SH:  0    Dex: 12    Spells: 3 memorised, 0 levels left

rFire  . . .     SeeInvis +     n - +0 spear
rCold  . . .     Clarity  .     a - +0 robe
rNeg   . . .     SustAt   .     (no shield)
rPois  +         Gourm    .     (no helmet)
rElec  .         Spirit   .     (no cloak)
rCorr  .         Warding  .     (no gloves)
rMut   .         Stasis   .     (no barding)
MR     .....                    (no amulet)
Stlth  ++........               (no ring)
                                (no ring)

@: very slightly contaminated, very slow, not resistant to hostile enchantments,
unstealthy
A: see invisible, deformed body, poison resistance, slowness 2, slow metabolism
1, spit poison 2, AC +1
a: Spit Poison


You were on level 3 of the Dungeon.
You were not hungry.

You visited 1 branch of the dungeon, and saw 3 of its levels.

You collected 106 gold pieces.

Inventory:

Hand weapons
 n - a +0 spear (weapon)
Missiles
 g - 17 stones (quivered)
Armour
 a - a +0 robe (worn)
Magical devices
 p - a wand of polymorph (11)
Scrolls
 d - a scroll of magic mapping
 e - a scroll of identify {unknown}
 f - a scroll of immolation {unknown}
 h - 2 scrolls of recharging {unknown}
 k - 2 scrolls of enchant armour {unknown}
 l - a scroll of teleportation {unknown}
 m - a scroll of enchant weapon {unknown}
Potions
 i - 2 potions of might {unknown}
 o - a potion of mutation {unknown}
Books
 b - a book of Flames

   Spells                             Type                      Level
   a - Flame Tongue                   Conjuration/Fire             1
   b - Throw Flame                    Conjuration/Fire             2
   c - Conjure Flame                  Conjuration/Fire             3
   d - Inner Flame                    Hexes/Fire                   3
   e - Sticky Flame                   Conjuration/Fire             4
   f - Fireball                       Conjuration/Fire             5
Comestibles
 c - 2 bread rations
 j - a chunk of flesh


   Skills:
 - Level 1.5 Dodging
 - Level 3.0 Stealth
 - Level 2.6 Spellcasting
 * Level 2.8 Conjurations
 * Level 4.2 Fire Magic


You couldn't memorise any spells.
You knew the following spells:

 Your Spells              Type           Power        Failure   Level  Hunger
a - Flame Tongue          Conj/Fire      ##...        6%          1    #......
b - Conjure Flame         Conj/Fire      ##......     14%         3    ###....
c - Sticky Flame          Conj/Fire      ##......     50%         4    #####..


Dungeon Overview and Level Annotations

Branches:
Dungeon (3/15)

Altars:
Qazlal

Annotations:
D:3 asdu's ghost, average TeFi


Innate Abilities, Weirdness & Mutations

You cannot wear boots.
Your serpentine skin is tough (AC +1).
You have supernaturally acute eyesight.
Armour fits poorly on your strangely shaped body.
Your system is resistant to poisons.
You cover ground very slowly.
You have a slow metabolism.
You can spit poison.


Message History

Press: ? - help, Shift-Dir - straight line, f/p - asdu's ghost
Aim: asdu's ghost (heavily damaged)
The flame tongue hits asdu's ghost.
Asdu's ghost is severely damaged.
Asdu's ghost hits you. Asdu's ghost hits you!
You see here a mace.
Casting: Flame Tongue
Confirm with . or Enter, or press ? or * to list all spells.
Aiming: Flame Tongue
Press: ? - help, Shift-Dir - straight line, f/p - asdu's ghost
Aim: asdu's ghost (severely damaged)
The flame tongue hits asdu's ghost.
Asdu's ghost appears unharmed.
Asdu's ghost is severely damaged.
Asdu's ghost hits you.
* * * LOW HITPOINT WARNING * * *
As you read the scroll labeled WELODO ICUG, it crumbles to dust.
You feel aware of your surroundings.
You sensed 1 altar.
It was a scroll of magic mapping.
Asdu's ghost hits you!
You die...

*,*,,,,,,,,,..#.#,,,,,,,,,,,,*
*,*,********#.#.#****,,,,*****
****'*,****** #.#.# *,,,,*****
*,,,,,,,,..,* #.#.# *,,,,,,,,,
*,**,,,,,...####.#.# *****+*****,
,,,**,,,,.....K#.#.###...,,,,,,,,
,,,,**,,,......hh........,,,,,,,,
,,,,,*,,,.....h#W#.##..!.,,,,,,,,
,_,,,*<,,....#,#@#.#*,,,.,,,,,,,,
,,,,,*,,,...,*,#.#.#*,,,,,,,,,,,,
,,,,**,,*+**,*,#.#.#*,,,,,,,,,,,*
,,,***,,*,,,,*,#.#.#*,,,,,,,,,,,*
****,*,,******,#.#.#*,********+**
****,*,,,,,,,,,#.#.#*,* *,*
*,,,,*,#########.#,**,*** *,*
#.###*,#.........#.#*,*<* *,*
#.#..,,............#*,*,* *,*


You could see asdu's ghost, 2 jackals and a kobold.

Vanquished Creatures
  2 gnolls (D:2)
  4 adders (D:2)
  2 worms (D:2)
  5 giant geckos
  3 giant cockroaches
  4 hobgoblins
  A quokka (D:2)
  7 bats
  5 giant newts
  7 goblins
  5 kobolds
  12 rats
57 creatures vanquished.

Notes
Turn   | Place    | Note
--------------------------------------------------------------
     0 | D:1      | hexophile the Naga Fire Elementalist began the quest for the Orb.
     0 | D:1      | Reached XP level 1. HP: 15/15 MP: 3/3
    96 | D:1      | Reached XP level 2. HP: 20/22 MP: 0/5
   784 | D:2      | Reached XP level 3. HP: 28/28 MP: 6/6
   789 | D:2      | Learned a level 3 spell: Conjure Flame
  1003 | D:2      | Found a faded altar to an unknown god.
  1234 | D:2      | Found a stormy altar of Qazlal.
  1236 | D:2      | Noticed an earth elemental
  1236 | D:2      | Noticed a water elemental
  1237 | D:2      | Noticed an air elemental
  1237 | D:2      | Noticed a fire elemental
  1526 | D:2      | Reached XP level 4. HP: 36/36 MP: 4/7
  1806 | D:2      | Learned a level 4 spell: Sticky Flame
  2037 | D:2      | Reached skill level 4 in Fire Magic
  2342 | D:3      | Noticed asdu's ghost (average TeFi)
  2354 | D:3      | Slain by asdu's ghost

Vault maps used:
D:1:      dpeg_arrival_ratfight, minmay_bisected
D:2:      ecumenical_altar_1, nicolae_qazlal_style_of_elements
D:3:      lemuel_round_altar, first_bread

Action                   |  1- 3 |  4- 6 || total
-------------------------+-------+-------++-------
Melee: Unarmed           |     2 |       ||     2
       Spear             |     5 |    20 ||    25
       Short sword       |     5 |       ||     5
Throw: Stone             |     1 |       ||     1
 Cast: Flame Tongue      |    56 |    43 ||    99
       Conjure Flame     |       |     1 ||     1
 Abil: Spit Poison       |     7 |     4 ||    11
  Use: Scroll            |       |     1 ||     1
  Eat: Chunk             |     2 |     3 ||     5
